 Dungeon Crawl Stone Soup version 0.21.1-1-g345015fe64 (webtiles) character file.

693 Kholdaimon the Slinger (level 7, -1/46 HPs)
             Began as a Halfling Hunter on June 15, 2018.
             Slain by Sigmund
             ... wielding a +0 scythe
              (3 damage)
             ... on level 4 of the Dungeon.
             The game lasted 00:24:14 (2510 turns).

Kholdaimon the Slinger (Halfling Hunter)            Turns: 2510, Time: 00:24:14

Health: -1/46      AC:  3    Str: 13    XL:     7   Next: 96%
Magic:  7/7        EV: 15    Int:  9    God:
Gold:   176        SH:  0    Dex: 17    Spells: 6/6 levels left

rFire    . . .     SeeInvis .   a - +1 hunting sling
rCold    . . .     Gourm    .   (shield restricted)
rNeg     . . .     Faith    .   c - +0 leather armour
rPois    .         Spirit   .   (no helmet)
rElec    .         Reflect  .   (no cloak)
rCorr    .         Harm     .   (no gloves)
MR       .....                  (no boots)
Stlth    ++........             (no amulet)
HPRegen  0.15/turn              (no ring)
MPRegen  0.10/turn              (no ring)

@: no status effects
A: small, mutation resistance 1
a: no special abilities


You were on level 4 of the Dungeon.
You were very hungry.

You visited 1 branch of the dungeon, and saw 4 of its levels.

You collected 176 gold pieces.

Inventory:

Hand Weapons
 a - a +1 hunting sling (weapon)
 b - a +0 short sword
 l - a +0 dagger
Missiles
 d - 26 sling bullets
 h - 27 poisoned needles
 p - 4 stones (quivered)
Armour
 c - a +0 leather armour (worn)
 i - a +0 ring mail
 o - a +0 ring mail
 q - a +2 buckler
 y - a +0 ring mail
Jewellery
 e - a cursed ring of teleportation {unknown}
Wands
 x - a wand of random effects (13)
Scrolls
 m - 2 scrolls of fear {unknown}
 n - a scroll of noise {unknown}
 t - 2 scrolls of magic mapping {unknown}
 v - 2 scrolls of fog {unknown}
 w - a scroll of teleportation
Potions
 j - a potion of lignification {unknown}
 k - 2 potions of agility {unknown}
 r - a potion of might {unknown}
 s - 2 potions of invisibility {unknown}
 u - 2 potions of ambrosia {unknown}
 z - a potion of heal wounds {unknown}
 A - a potion of degeneration {unknown}
Comestibles
 f - 11 rations
 g - 7 chunks of flesh


   Skills:
 + Level 3.3 Fighting
 * Level 11.8 Slings
 + Level 2.3 Dodging
 + Level 1.2 Stealth


You had 6 spell levels left.
You didn't know any spells.

Dungeon Overview and Level Annotations

Branches:
Dungeon (4/15)
 Temple: D:4-7

Altars:
Vehumet
The Shining One

Annotations:
D:3 exclusion: downstairs
D:4 exclusion: upstairs, Sigmund


Innate Abilities, Weirdness & Mutations

You are small and have problems with some larger weapons.
You are somewhat resistant to further mutation.


Message History

Firing (i - inventory. (,) - cycle):
p - 6 stones (quivered)
Press: ? - help, Shift-Dir - straight line, f - adder
Aim: an adder You shoot a stone.
The iguana hisses angrily.
The stone hits the adder but does no damage.
Something barely misses you. The adder completely misses you.
Firing (i - inventory. (,) - cycle):
p - 5 stones (quivered)
Press: ? - help, Shift-Dir - straight line, f/p - adder
Aim: an adder You shoot a stone.
The stone hits the adder!
The adder is severely wounded.
Something hits you! The adder misses you. The adder bites you.
The adder bites you. Something hits you!
* * * LOW HITPOINT WARNING * * *
The adder misses you. Something hits you.
You die...

###########...................#
.....#........#.....#..##.......
............#....l#.#.'.#.#.....
.............##...##.....##.....
.............##...##......# ....
......................_..+......
.......)......##...#.....##....
........).....##S.#......# ...
..............##@..#.#.### ...$
..........รท.......###..###....#
.>...#.....#.##..............#.
############.##................
#.######.....#.#.#.# ###.#
#.....#.# #...# ##.#..#
#######.###### ........<
#.................##.####


You could see an iguana and an adder.

Vanquished Creatures
  Grinder (D:3)
  A phantom (D:4)
  An ogre (D:4)
  A crimson imp (D:4)
  A hound (D:4)
  2 orc wizards (D:4)
  Ijyb (D:3)
  4 gnolls (D:3)
  7 adders
  A worm (D:2)
  3 dart slugs
  3 leopard geckos
  An orc (D:4)
  10 bats
  A giant cockroach (D:3)
  6 goblins
  7 hobgoblins
  4 jackals (D:1)
  3 kobolds
  A quokka (D:2)
  11 frilled lizards
  3 goblin skeletons (D:4)
  A goblin zombie (D:4)
  2 hobgoblin zombies (D:4)
  2 leopard gecko skeletons
  An orc zombie (D:4)
  A rat (D:3)
80 creatures vanquished.

Vanquished Creatures (others)
  A plant (D:2)
1 creature vanquished.

Grand Total: 81 creatures vanquished

Notes
Turn   | Place    | Note
-------+----------+-------------------------------------------
     0 | D:1      | Kholdaimon the Halfling Hunter began the quest for the Orb.
     0 | D:1      | Reached XP level 1. HP: 14/14 MP: 1/1
    69 | D:1      | Reached skill level 6 in Slings
    89 | D:1      | Reached XP level 2. HP: 19/19 MP: 2/2
   462 | D:1      | Reached skill level 7 in Slings
   462 | D:1      | Reached XP level 3. HP: 24/24 MP: 3/3
   946 | D:2      | Reached XP level 4. HP: 29/29 MP: 4/4
  1074 | D:2      | Found a radiant altar of Vehumet.
  1336 | D:3      | Reached skill level 8 in Slings
  1533 | D:3      | Reached XP level 5. HP: 33/34 MP: 5/5
  1560 | D:3      | Reached skill level 9 in Slings
  1762 | D:3      | Noticed Ijyb
  1777 | D:3      | Killed Ijyb
  1846 | D:3      | Noticed Grinder
  1859 | D:3      | Paralysed by Grinder for 6 turns
  1875 | D:3      | Killed Grinder
  1875 | D:3      | Reached skill level 10 in Slings
  1875 | D:3      | Reached XP level 6. HP: 36/41 MP: 6/6
  1875 | D:3      | Reached XP level 7. HP: 40/45 MP: 7/7
  2210 | D:4      | Reached skill level 11 in Slings
  2211 | D:4      | Noticed Sigmund
  2342 | D:4      | Found a glowing golden altar of the Shining One.
  2507 | D:4      | HP: 1/46 [something (13)]
  2510 | D:4      | Slain by Sigmund

Skill      XL: |  1  2  3  4  5  6  7 |
---------------+----------------------+-----
Slings         | 6 7 8 10 11 | 11.8
Fighting       | 2 3 |  3.3
Dodging        | |  2.3
Stealth        | |  1.2

Action                   |  1- 3 |  4- 6 |  7- 9 || total
-------------------------+-------+-------+-------++-------
Melee: Short sword       |       |       |    19 ||    19
 Fire: Hunting sling     |    81 |   130 |    90 ||   301
  Use: Scroll            |       |     2 |       ||     2
  Eat: Chunk             |       |     3 |       ||     3
Armor: Leather armour    |     2 |     7 |     6 ||    15
Dodge: Dodged            |    11 |    15 |    32 ||    58
